 Dungeon Crawl Stone Soup version 0.19.0-2-gae57169 (webtiles) character file.

983 Ladykiller69 the Slasher (level 7, 0/61 HPs)
             Began as a Minotaur Gladiator on Nov 4, 2016.
             Was a Believer of Okawaru.
             Succumbed to Edmund's poison
             ... on level 4 of the Dungeon.
             The game lasted 00:13:37 (4538 turns).

Ladykiller69 the Slasher (Minotaur Gladiator)       Turns: 4538, Time: 00:13:38

Health: 0/61       AC:  4    Str: 17 (19) XL:     7   Next: 96%
Magic:  6/6        EV: 14    Int:  4 (5)  God:    Okawaru [**....]
Gold:   189        SH:  0    Dex: 11 (13) Spells: 0 memorised, 6 levels left

rFire  . . .     SeeInvis .     a - +0 long sword
rCold  . . .     Gourm    .     b - +0 leather armour
rNeg   . . .     Faith    .     (no shield)
rPois  .         Spirit   .     c - +0 hat
rElec  .         Reflect  .     u - +0 cloak
rCorr  .         Harm     .     (no gloves)
MR     .....                    (no boots)
Stlth  +.........               (no amulet)
                                (no ring)
                                (no ring)

@: lethally poisoned (0 -> -15), exhausted, slowed, very slow
A: retaliatory headbutt, horns 2
a: Heroism, Renounce Religion


You were on level 4 of the Dungeon.
You worshipped Okawaru.
Okawaru was pleased with you.
You were not hungry.

You visited 2 branches of the dungeon, and saw 7 of its levels.

You collected 189 gold pieces.

Inventory:

Hand Weapons
 a - a +0 long sword (weapon)
Missiles
 d - 2 throwing nets (quivered)
 p - 82 stones
Armour
 b - a +0 leather armour (worn)
 c - a +0 hat (worn)
 u - a +0 cloak (worn)
 w - a +0 plate armour
Jewellery
 t - an uncursed ring of protection from fire {unknown}
Wands
 r - a wand of digging (15/24)
 B - a wand of flame (29/48)
Scrolls
 e - 2 scrolls of identify {unknown}
 g - a scroll of blinking {unknown}
 i - 2 scrolls of immolation {unknown}
 l - 3 scrolls of remove curse {unknown}
 m - a scroll of magic mapping {unknown}
 o - a scroll of random uselessness {unknown}
 q - 2 scrolls of amnesia {unknown}
 x - a scroll of noise {unknown}
 y - a scroll of enchant armour {unknown}
Potions
 k - a potion of berserk rage
 z - a potion of degeneration
Books
 v - a book of Cantrips

   Spells                             Type                      Level
   a - Confusing Touch                Hexes                        1
   b - Animate Skeleton               Necromancy                   1
   c - Summon Small Mammal            Summoning                    1
   d - Apportation                    Translocation                1
Comestibles
 f - 3 bread rations
 h - a beef jerky
 n - 2 meat rations
 A - 5 chunks of flesh


   Skills:
 + Level 5.4 Fighting
 * Level 7.8 Long Blades
 - Level 2.0 Throwing
 + Level 4.7 Armour
 + Level 5.4 Dodging


You had 6 spell levels left.
You didn't know any spells.

Dungeon Overview and Level Annotations

Branches:
Dungeon (6/15)             Temple (1/1) D:6

Altars:
Ashenzari
Cheibriados
Dithmenos
Elyvilon
Gozag
Hepliaklqana
Makhleb
Okawaru
Qazlal
Ru
Sif Muna
Vehumet
Xom
Yredelemnul
Zin
The Shining One

Annotations:
D:3 Shufflesack's ghost, amateur OpTm


Innate Abilities, Weirdness & Mutations

You reflexively headbutt those who attack you in melee.
You have a pair of horns on your head.


Message History

There was something very wrong with that liquid.
You feel weakened.
You feel dopey.
You feel clumsy.
* * * LOW HITPOINT WARNING * * *
You feel very sick.
You feel much better.
* * * LOW HITPOINT WARNING * * *
You feel very sick.
* * * LOW HITPOINT WARNING * * *
You feel very sick.
Things that are here:
a dire flail of venom; a ring mail
* * * LOW HITPOINT WARNING * * *
You feel very sick.
* * * LOW HITPOINT WARNING * * *
You feel very sick.
* * * LOW HITPOINT WARNING * * *
You feel very sick.
* * * LOW HITPOINT WARNING * * *
You feel sick.
You die...

###. #.. ...
#.. ..# .#
#.# #.# #.#
#.# ♣ #@# #.#
♣♣♣ ♣♣ #.#
#.# ♣>♣♣ ♣.
#.# #.# ♣..♣
♣.
######.###.#
♣♣.♣♣ ♣[
.........)..#
♣♣.♣ ♣♣
.##########.#
♣.♣ ♣ #.#
♣.♣♣ #.# ♣♣.♣
#.# ♣.♣


There were no monsters in sight!

Vanquished Creatures
  Pikel (D:6)
  Edmund (D:4)
  An ogre (D:4)
  A centaur skeleton (D:3)
  2 orc wizards (D:3)
  An iguana (D:4)
  3 worker ants (D:4)
  Robin (D:2)
  A gnoll (D:4)
  6 adders
  An adder skeleton (D:6)
  A worm (D:2)
  2 dart slugs (D:1)
  5 leopard geckos
  5 orcs
  A ball python (D:2)
  4 bats
  3 giant cockroaches
  7 hobgoblins
  5 kobolds
  4 quokkas
  13 goblins
  6 rats
75 creatures vanquished.

Vanquished Creatures (others)
  4 slaves (D:6)
  A leopard gecko (D:6)
  A frilled lizard (D:6)
  3 plants (D:6)
9 creatures vanquished.

Grand Total: 84 creatures vanquished

Notes
Turn   | Place    | Note
-------+----------+-------------------------------------------
     0 | D:1      | Ladykiller69 the Minotaur Gladiator began the quest for the Orb.
     0 | D:1      | Reached XP level 1. HP: 18/18 MP: 0/0
   240 | D:1      | Reached skill level 4 in Long Blades
   326 | D:1      | Reached XP level 2. HP: 13/25 MP: 1/1
   984 | D:2      | HP: 1/25 [goblin/dagger of electrocution (5)]
  1579 | D:2      | Reached skill level 1 in Armour
  1591 | D:2      | Reached XP level 3. HP: 30/30 MP: 2/2
  1878 | D:2      | Noticed Robin
  1885 | D:2      | Reached XP level 4. HP: 19/38 MP: 3/3
  2085 | D:2      | Killed Robin
  2233 | D:2      | Reached skill level 5 in Long Blades
  2640 | D:3      | Found a faded altar of an unknown god.
  2642 | D:3      | Noticed Shufflesack's ghost (amateur OpTm)
  2945 | D:3      | Reached XP level 5. HP: 42/46 MP: 4/4
  3363 | D:3      | You fall through a shaft for 3 floors!
  3445 | D:6      | Found a staircase to the Ecumenical Temple.
  3451 | Temple   | Entered the Ecumenical Temple
  3472 | Temple   | Became a worshipper of Warmaster Okawaru
  3506 | D:6      | Noticed Pikel
  3509 | D:6      | Noticed a slave
  3545 | D:6      | Noticed a slave
  3556 | D:6      | Killed Pikel
  3556 | D:6      | Reached * piety under Okawaru
  3556 | D:6      | Reached ** piety under Okawaru
  3556 | D:6      | Reached skill level 7 in Long Blades
  3556 | D:6      | Reached XP level 6. HP: 4/55 MP: 5/5
  3556 | D:6      | Reached XP level 7. HP: 5/60 MP: 6/6
  3880 | D:5      | Entered Level 5 of the Dungeon
  4028 | D:4      | Reached skill level 5 in Dodging
  4215 | D:4      | Reached skill level 5 in Fighting
  4508 | D:4      | Noticed Edmund
  4528 | D:4      | HP: 1/61 [Edmund/dire flail of venom (12)]
  4530 | D:4      | Killed Edmund
  4536 | D:4      | HP: 3/61 [poisoned by Edmund]
  4538 | D:4      | Succumbed to Edmund's poison

Skill      XL: |  1  2  3  4  5  6  7 |
---------------+----------------------+-----
Long Blades    | 4 5 7 |  7.8
Armour         | 1 2 4 |  4.7
Fighting       | 3 4 5 |  5.4
Dodging        | 4 5 |  5.4
Throwing       | |  2.0

Action                   |  1- 3 |  4- 6 |  7- 9 || total
-------------------------+-------+-------+-------++-------
Melee: Long sword        |    74 |    75 |    49 ||   198
       Headbutt          |     9 |    15 |    11 ||    35
Throw: Stone             |     1 |       |       ||     1
       Throwing net      |       |     2 |     2 ||     4
  Use: Potion            |       |       |     6 ||     6
 Stab: Held in net/web   |       |     4 |       ||     4
  Eat: Chunk             |     3 |     4 |     3 ||    10
       Beef jerky        |       |       |     1 ||     1
Armor: Leather armour    |    12 |    15 |     3 ||    30
Dodge: Dodged            |    49 |    41 |    41 ||   131
       Rpst.: Long sword |    18 |    12 |    11 ||    41
